[Event "Early-Titled-Tuesday-Blitz-June-18-2024"]
[Site "Chess.com"]
[Date "2024.06.18"]
[Round "3"]
[White "ChessboArt"]
[Black "Casper"]
[Result "0-1"]
[WhiteElo "2226"]
[BlackElo "2462"]
[TimeControl "180+1"]
[EndTime "8:29:47 PDT"]
[Termination "Casper won on time"]

1. e4 d5 2. exd5 Nf6 3. Bb5+ Bd7 4. Bc4 b5 5. Bb3 a5 6. a3 a4 7.
Ba2 Bg4 8. f3 Bf5 9. Nc3 Qd7 10.
Nge2 e6 11. dxe6 fxe6 12. d4 Bd6 13. Ng3 Bg6 14. Be3 O-O 15. O-O Kh8 16. Nce4 Nc6 17.
Qd2 Nd5 18. Nxd6 Qxd6 19. c3 Na5 20. Rae1 Rf7 21. Ne4 Qc6 22. Nc5 Raf8 23. Bg5 Bf5 24. Re5 Nb6 25. Rfe1 Nbc4 26. Bxc4 Nxc4 27. Qf2 Nxe5 28.
Rxe5 h6 29. Be3 Re8 30. Qf1 Bc2 31. h3 Bb3 32. Qc1 Bd5 33. Bxh6 gxh6 34. Qxh6+ Rh7 35. Qf6+ Rg7 36. Rh5+ Kg8 37. Nd3 Bxf3 38. Ne5 Qe4 0-1

[Event "Early-Titled-Tuesday-Blitz-June-18-2024"]
[Site "Chess.com"]
[Date "2024.06.18"]
[Round "3"]
[White "StoreySniper"]
[Black "MANOJ_MISHRA123"]
[Result "1-0"]
[WhiteElo "2428"]
[BlackElo "2197"]
[TimeControl "180+1"]
[EndTime "8:29:47 PDT"]
[Termination "StoreySniper won by resignation"]

1. e4 Nf6 2. e5 Nd5 3. d4 d6 4. exd6 cxd6 5. Be2 Nc6 6. Nf3 Bg4 7. O-O g6 8. c4 Nb6 9. d5 Bxf3 10. Bxf3 Ne5 11. Be2 Bg7 12. Na3 O-O 13. f4 Ned7 14. Rb1 Nf6 15.
Bf3 Rc8 16. b3 Nbd7 17. Be3 Nc5 18. Nb5 a6 19. Nd4 h5 20. h3 Nce4 21. Qd3 Ng3 22.
Rfe1 Qa5 23. Bf2 h4 24. Rxe7 Qxa2 25. Rxb7 Rfe8 26. f5 Nfe4 27. Bxe4 Rxe4 28. Nf3 Re2 29. fxg6 Rxf2 30. gxf7+ Kh8 31. Nxh4 Qxb1+ 32. Qxb1 Rf1+ 33. Qxf1 Nxf1 34. Kxf1 Kh7 35. Nf5 Rf8 36. Nxd6 Be5 37. Ne4 Kg6 38. g4 Rxf7+ 39. Rxf7 Kxf7 40. Ke2 1-0

[Event "Early-Titled-Tuesday-Blitz-June-18-2024"]
[Site "Chess.com"]
[Date "2024.06.18"]
[Round "3"]
[White "aa175"]
[Black "Mikayel99"]
[Result "1-0"]
[WhiteElo "2843"]
[BlackElo "2621"]
[TimeControl "180+1"]
[EndTime "8:29:49 PDT"]
[Termination "aa175 won by resignation"]

1. d4 d5 2. Bf4 Nf6 3. e3 c5 4. Nf3 Nc6 5. Nbd2 Bg4 6. c3 e6 7. Qa4 Qc8 8. Ne5 a6 9. Bg5 Bf5 10.
dxc5 Bxc5 11. Nb3 Bd6 12. Bxf6 gxf6 13. Nxc6 Qxc6 14. Qxc6+ bxc6 15. Nd4 Be4 16. Nxc6 Kd7 17. Nd4 Rhb8 18. O-O-O Rb6 19. f3 Bg6 20. Bd3 f5 21. f4 Rab8 22. Rd2 f6 23. Bc2 Ke7 24. Ba4 Kf7 25. Bb3 a5 26. Rf1 Ke7 27. Bd1 h5 28. Rf3 Rh8 29. Rg3 Kf7 30. Nxe6 Kxe6 31. Rxg6 h4 32. Rg7 Be7 33. Bb3 Rd6 34. Rxd5 Rxd5 35.
Bxd5+ Kxd5 36. Rxe7 Rg8 37. g3 hxg3 38. hxg3 Rxg3 39.
Kc2 a4 40. Kd3 Rg2 41. Rb7 Rf2 42. Rb4 Kc5 43. Rxa4 Rxb2 44. Ra5+ Kd6 45. Rxf5 Ke6 46. Ra5 f5 47. Re5+ Kf6 48. Ra5 Ke6 49. Ra6+ Kd5 50. a4 Rb1 51. Ra5+ Ke6 52. Re5+ Kf6 53. a5 Ra1 54.
Kc4 Ra3 55. Rc5 Ke6 56. Kb5 Kd6 57. Rxf5 Rxc3 58. Re5 Rb3+ 59. Kc4 Rb1 60. Kd4 Kc6 61. Ke4 Kd6 62. Kf5 Rh1 63. a6 Ra1 64. Kf6 Kd7 65.
Re7+ Kd8 66. a7 Ra6+ 67. Kf7 Kc8 68. a8=Q+ Rxa8 69. Re8+ Kb7 70. Rxa8 Kxa8 71. Ke6 1-0

[Event "Early-Titled-Tuesday-Blitz-June-18-2024"]
[Site "Chess.com"]
[Date "2024.06.18"]
[Round "3"]
[White "cycygogne"]
[Black "Barmen_EV"]
[Result "1-0"]
[WhiteElo "2217"]
[BlackElo "2535"]
[TimeControl "180+1"]
[EndTime "8:29:49 PDT"]
[Termination "cycygogne won on time"]

1. e4 e6 2. d4 d5 3. e5 c5 4.
c3 Nc6 5. Nf3 Bd7 6. Bd3 Rc8 7.
O-O cxd4 8. cxd4 Nb4 9. Nc3 Nxd3 10. Qxd3 Ne7 11. Bg5 h6 12. Bh4 g5 13. Bg3 Nf5 14.
Rac1 h5 15. Nb5 a6 16. Nd6+ Bxd6 17. exd6 h4 18. Be5 f6 19. Rxc8 Bxc8 20. Rc1 fxe5 21.
dxe5 O-O 22. Nd4 Bd7 23. Rc7 Qe8 24. Rxb7 Nxd4 25. Qxd4 Qg6 26. h3 Rf7 27. Qa7 Qg7 28. Rb8+ Kh7 29. Qxa6 Qxe5 30. Qd3+ Kg7 31. Qd2 Qf4 32.
Qxf4 gxf4 33. b4 e5 34. b5 e4 35. b6 Bc6 36. Rc8 Bb5 37. Rc7 e3 38. Rxf7+ Kxf7 39. fxe3 1-0

[Event "Early-Titled-Tuesday-Blitz-June-18-2024"]
[Site "Chess.com"]
[Date "2024.06.18"]
[Round "3"]
[White "DonCiao"]
[Black "ATM622"]
[Result "0-1"]
[WhiteElo "2103"]
[BlackElo "2548"]
[TimeControl "180+1"]
[EndTime "8:29:49 PDT"]
[Termination "ATM622 won on time"]

1. c4 c5 2. g3 Nf6 3. Bg2 e6 4. Nf3 d5 5. O-O Be7 6. b3 O-O 7. Bb2 b6 8. e3 Bb7 9. Nc3 Nc6 10. cxd5 exd5 11. d4 Rc8 12. dxc5 bxc5 13. Ne2 Ne4 14. Nf4 Nb4 15. a3 Na6 16. Nh5 Nf6 17. Nf4 Re8 18. Bh3 Rc7 19. Rc1 Ne4 20. Nh5 Nf6 21. Nf4 c4 22.
Nd4 Bf8 23. Nf5 Ne4 24. Qg4 c3 25. Ba1 Bc8 26. f3 Nf6 27. Qg5 Bxf5 28. Bxf5 h6 29. Qh4 g5 30. Qh3 gxf4 31. gxf4 Rxe3 32. Kh1 Bg7 33.
Rg1 Qf8 34. Qxh6 Rc6 35. Bh7+ Kh8 36. Qh3 Nxh7 0-1

[Event "Early-Titled-Tuesday-Blitz-June-18-2024"]
[Site "Chess.com"]
[Date "2024.06.18"]
[Round "3"]
[White "Pakarma"]
[Black "ilovejokes555"]
[Result "0-1"]
[WhiteElo "2424"]
[BlackElo "2209"]
[TimeControl "180+1"]
[EndTime "8:29:49 PDT"]
[Termination "ilovejokes555 won by checkmate"]

1. e4 c5 2. Nf3 d6 3. g3 Nc6 4.
Bg2 g6 5. O-O Bg7 6. c3 Nf6 7. Qe2 O-O 8. Na3 a6 9. Nc2 Rb8 10. d4 cxd4 11. cxd4 b5 12. Rd1 Qc7 13. Bg5 Bb7 14. Rac1 Qb6 15. e5 dxe5 16. dxe5 Ng4 17. e6 f5 18. Rd7 Bxb2 19. Rcd1 Nf6 20. Ne3 Nxd7 21. Qxb2 Nf6 22. Nd5 Nxd5 23. Rxd5 Nd8 24. Rd7 Nxe6 25. Rxe7 Rf7 26. Rxf7 Kxf7 27. Bh6 Bxf3 28.
Bxf3 Qd4 29. Qc2 Rd8 30. Kg2 Qd6 31. Qc3 Nd4 32. Bb7 b4 33. Qc4+ Ne6 34. Bf3 Qd4 35.
Qxa6 Qd6 36. Qa5 Qc5 37. Qa4 Rd3 38. Qa8 Rc3 39. Qh8 Rc2 40. Qxh7+ Ke8 41. Qxg6+ Kd7 42. Qf7+ Kd6 43. Qf6 Qxf2+ 44. Kh3 Qxh2# 0-1

[Event "Early-Titled-Tuesday-Blitz-June-18-2024"]
[Site "Chess.com"]
[Date "2024.06.18"]
[Round "3"]
[White "UF_10"]
[Black "ReadySkate"]
[Result "1-0"]
[WhiteElo "2530"]
[BlackElo "2813"]
[TimeControl "180+1"]
[EndTime "8:29:50 PDT"]
[Termination "UF_10 won on time"]

1. d4 Nf6 2. Nf3 g6 3. Bf4 Bg7 4. Nbd2 d5 5. e3 O-O 6. h3 c5 7. c3 cxd4 8. exd4 Nc6 9. Bd3 Bf5 10. Bxf5 gxf5 11. O-O e6 12. Qb3 Qe7 13. Bg5 Qc7 14. Rfe1 Ne4 15. Bh4 b5 16. Rac1 Na5 17. Qc2 Rfc8 18. Nxe4 fxe4 19. Bg3 Qb6 20. Ne5 Nc4 21. Nd7 Qc6 22. Nc5 e5 23. b3 Nb6 24. Qd2 f5 25. f4 exd4 26. cxd4 Nd7 27. Nxe4 Qb6 28. Nc5 Nxc5 29. dxc5 Rxc5 30. Bf2 d4 31. Rxc5 Qxc5 32. Rc1 Qd5 33. Qd3 a6 34. Rc7 Qe4 35. Qg3 1-0

[Event "Early-Titled-Tuesday-Blitz-June-18-2024"]
[Site "Chess.com"]
[Date "2024.06.18"]
[Round "3"]
[White "JoliyRoger"]
[Black "GatoRojo150"]
[Result "1-0"]
[WhiteElo "2458"]
[BlackElo "2635"]
[TimeControl "180+1"]
[EndTime "8:29:50 PDT"]
[Termination "JoliyRoger won by resignation"]

1. d4 d5 2. c4 dxc4 3. Nf3 Nf6 4. Qa4+ Nbd7 5. Qxc4 a6 6. Bf4 c5 7. dxc5 e6 8. c6 Nb6 9. Qc2 bxc6 10. e4 Bb4+ 11. Nbd2 O-O 12. Be2 Bb7 13. O-O c5 14. Rfd1 Qc8 15. Bg5 Bxd2 16. Nxd2 Nfd7 17. Rac1 h6 18. Be3 Qc6 19. f3 Rac8 20. Nb3 Na4 21. Na5 Qb6 22. Nxb7 Qxb7 23. Qxa4 Qxb2 24. Qxd7 Qxe2 25.
Qd2 Qb5 26. Qc3 Rfd8 27. Rxd8+ Rxd8 28. Qxc5 Qe2 29. a3 Rd3 30. Bf4 g5 31. Be5 Rd1+ 32.
Rxd1 Qxd1+ 33. Kf2 Qd2+ 34. Kg3 Qe1+ 35. Qf2 Qa5 36. Bd6 Qb6 37. Qxb6 1-0

[Event "Early-Titled-Tuesday-Blitz-June-18-2024"]
[Site "Chess.com"]
[Date "2024.06.18"]
[Round "3"]
[White "Vesper2018"]
[Black "TimurDushatov"]
[Result "1-0"]
[WhiteElo "2610"]
[BlackElo "2364"]
[TimeControl "180+1"]
[EndTime "8:29:50 PDT"]
[Termination "Vesper2018 won by resignation"]

1. e4 e5 2. Nf3 Nc6 3. Bb5 a6 4. Ba4 Bc5 5. c3 Nge7 6. O-O Ng6 7. d4 Ba7 8. Bg5 f6 9. Be3 O-O 10. Nbd2 Kh8 11. Re1 d6 12. h3 exd4 13. Nxd4 Nxd4 14. cxd4 Be6 15. f4 f5 16. Qh5 Qf6 17. e5 dxe5 18.
dxe5 Bxe3+ 19. Rxe3 Qd8 20. Nf3 Nxf4 21. Qg5 Qxg5 22.
Nxg5 h6 23. Nxe6 Nxe6 24. Bb3 Rfe8 25. Rd1 Nc5 26. Bf7 Re7 27. Bg6 Kg8 28. Bxf5 Rae8 29. Rd5 Ne6 30. a4 Nf4 31. Rd4 Ne6 32. Rc4 c6 33. a5 Nc7 34. Rc5 Nd5 35. Rb3 Rxe5 36.
Bg6 R8e7 37. Rxc6 bxc6 38. Rb8+ Re8 39. Bxe8 Kh7 40. Bxc6 Ne7 41. Bb7 Rxa5 42. Be4+ Ng6 43. Rb6 Rg5 44. Rxa6 1-0

[Event "Early-Titled-Tuesday-Blitz-June-18-2024"]
[Site "Chess.com"]
[Date "2024.06.18"]
[Round "3"]
[White "lamomiajunior"]
[Black "Brown_Bear_MGL"]
[Result "1-0"]
[WhiteElo "2741"]
[BlackElo "2499"]
[TimeControl "180+1"]
[EndTime "8:29:51 PDT"]
[Termination "lamomiajunior won by checkmate"]

1. e4 c6 2. d4 d5 3. e5 Bf5 4. Bd3 Bxd3 5. Qxd3 Qa5+ 6. Nd2 e6 7. Ne2 c5 8. c3 Qa6 9. Qf3 Nc6 10. O-O cxd4 11.
cxd4 Qb6 12. Qd3 Nh6 13. Nf3 Nf5 14. g4 Nfe7 15. a3 h5 16. h3 hxg4 17. hxg4 Ng6 18. Kg2 Be7 19. Be3 O-O-O 20. b4 Nh4+ 21. Nxh4 Rxh4 22. f3 Rdh8 23. Bf4 g5 24. Bg3 Rh3 25. Rac1 Kd7 26. Rcd1 a5 27. b5 Na7 28. a4 Nc8 29.
f4 gxf4 30. Nxf4 R3h7 31. Nh5 Qd8 32. b6 Qxb6 33. Rb1 Qa6 34. Qf3 Ke8 35. Rbc1 Nb6 36. Rc7 Nc4 37. Nf6+ Bxf6 38. Qxf6 Qb6 39. Qe7# 1-0

[Event "Early-Titled-Tuesday-Blitz-June-18-2024"]
[Site "Chess.com"]
[Date "2024.06.18"]
[Round "3"]
[White "Korona_91"]
[Black "Dr_Pepper18"]
[Result "1-0"]
[WhiteElo "2679"]
[BlackElo "2472"]
[TimeControl "180+1"]
[EndTime "8:29:51 PDT"]
[Termination "Korona_91 won on time"]

1. e4 c6 2. d4 d5 3. e5 c5 4. Nf3 Nc6 5. dxc5 e6 6. Be3 Nh6 7.
Bxh6 gxh6 8. c3 Bxc5 9. b4 Bf8 10. Bd3 Bg7 11. Qe2 Qc7 12. Bb5 Bd7 13. Bxc6 bxc6 14. Nbd2 a5 15. O-O O-O 16. Nb3 axb4 17. cxb4 f6 18. Rfe1 Ra3 19. Qb2 Qa7 20. Nc5 Rxf3 21. gxf3 fxe5 22. Rxe5 Rxf3 23. Qe2 Bxe5 24. Qxe5 Rf5 25.
Qd6 Bc8 26. Kh1 Qf7 27. Rg1+ Rg5 28. f4 Rxg1+ 29. Kxg1 Qg7+ 30. Kf2 Qd4+ 31. Kf3 Qxb4 32. Qd8+ Kf7 33. Qc7+ Kg6 34. Qxc6 Qc3+ 35. Kf2 Qc2+ 36. Ke3 Qc3+ 37. Ke2 Qc2+ 38. Ke1 Qc1+ 39. Kf2 Qxf4+ 40. Ke1 Qe3+ 41. Kd1 Qd4+ 42. Kc1 Qc4+ 43. Kb2 Qb4+ 44. Kc2 Qb8 45. Qe8+ Kf6 46. Qf8+ Ke5 47. Nd3+ Kd4 48.
Qf2+ Ke4 49. Nc5+ 1-0

[Event "Early-Titled-Tuesday-Blitz-June-18-2024"]
[Site "Chess.com"]
[Date "2024.06.18"]
[Round "3"]
[White "Gumugama"]
[Black "ninguno46"]
[Result "0-1"]
[WhiteElo "2264"]
[BlackElo "2565"]
[TimeControl "180+1"]
[EndTime "8:29:51 PDT"]
[Termination "ninguno46 won by resignation"]

1. e4 c5 2. Nf3 Nc6 3. d4 cxd4 4. Nxd4 g6 5. Nc3 Bg7 6. Be3 Nf6 7. f3 O-O 8. Nb3 a5 9. Bb5 d6 10. Qd2 Bd7 11. a4 Ne5 12. Be2 Be6 13. O-O-O Nc4 14. Bxc4 Bxc4 15. h4 b5 16. Nxb5 Bxb5 17. axb5 a4 18.
Nd4 a3 19. bxa3 Rxa3 20. Qb4 Qa8 21. Kd2 Ra4 22. Qb3 Qa5+ 23. Ke2 Ra3 24. Nc6 Qa8 25. Nxe7+ Kh8 26. Qb4 Rxe3+ 27. Kxe3 Qa7+ 28. Ke2 Qxe7 29. Qxd6 Qb7 30. c4 Nxe4 31. fxe4 Qxe4+ 32. Kf2 Ra8 33. Rd2 Be5 34. Qd3 Qf4+ 35. Ke2 Re8 36. Kd1 Ra8 37. Ke2 Qg4+ 38. Qf3 Qxc4+ 39. Kf2 Qc5+ 40. Ke2 Re8 41. Kf1 Qxb5+ 42. Qd3 Bg3 43. Rd1 Re1+ 44. Rxe1 Qxd3+ 45. Kg1 Bxe1 0-1

[Event "Early-Titled-Tuesday-Blitz-June-18-2024"]
[Site "Chess.com"]
[Date "2024.06.18"]
[Round "3"]
[White "CSB7"]
[Black "Sargsyan_Shant"]
[Result "0-1"]
[WhiteElo "2736"]
[BlackElo "2963"]
[TimeControl "180+1"]
[EndTime "8:29:52 PDT"]
[Termination "Sargsyan_Shant won by resignation"]

1. e4 g6 2. d4 Nf6 3. Nc3 d5 4. e5 Ne4 5. Nce2 f6 6. f3 Ng5 7. Bxg5 fxg5 8. g3 c5 9. Bh3 Nc6 10.
c3 e6 11. f4 cxd4 12. cxd4 gxf4 13. Nxf4 Bb4+ 14. Kf1 O-O 15. Kg2 Rxf4 16. gxf4 Qh4 17. Ne2 Bd7 18. a3 Ba5 19. Qd3 Bb6 20. Rhf1 Rf8 21.
Rad1 Na5 22. b3 a6 23. a4 Kh8 24. Qg3 Qe7 25. Bg4 Nc6 26. h4 Qb4 27. h5 gxh5 28.
Bxh5 Rg8 29. Bg4 Bxd4 30. Rh1 Rg7 31. Rh4 Bb6 32. Rdh1 Ne7 33. Qh3 Qe4+ 34. Kf1 Bc6 35. Nc3 Qxf4+ 36. Ke1 Bf2+ 37. Kd1 Bxh4 38. Ne2 Qxg4 39. Qxh4 Qxh4 0-1

[Event "Early-Titled-Tuesday-Blitz-June-18-2024"]
[Site "Chess.com"]
[Date "2024.06.18"]
[Round "3"]
[White "ural58"]
[Black "Mikasinski"]
[Result "0-1"]
[WhiteElo "2431"]
[BlackElo "2715"]
[TimeControl "180+1"]
[EndTime "8:29:52 PDT"]
[Termination "Mikasinski won on time"]

1. e4 c5 2. b3 Nc6 3. f4 d5 4. e5 f6 5. Bb2 d4 6. Bb5 Bd7 7.
Qe2 fxe5 8. fxe5 Nxe5 9. Qxe5 Bxb5 10. Qxc5 Bc6 11. Nf3 Nf6 12. Qxd4 Qa5 13. Nc3 Rd8 14. Qe5 Qxe5+ 15. Nxe5 Bxg2 16. Rg1 Bh3 17. O-O-O a6 18. a4 g6 19. Nc4 Bg7 20. Rde1 e6 21.
Ba3 Bf8 22. Kb2 Bxa3+ 23. Kxa3 O-O 24. d3 Nd5 25. Ne4 b5 26. Ne3 b4+ 27. Kb2 Bf5 28. Rg2 Kg7 29. h4 Bxe4 30. dxe4 Nc3 31. Nc4 Rf4 32. h5 Rxe4 33. Rxe4 Nxe4 34. hxg6 hxg6 35.
Re2 Nc3 36. Re1 Rd1 0-1

[Event "Early-Titled-Tuesday-Blitz-June-18-2024"]
[Site "Chess.com"]
[Date "2024.06.18"]
[Round "3"]
[White "GAusal"]
[Black "Defend1r"]
[Result "0-1"]
[WhiteElo "2194"]
[BlackElo "2551"]
[TimeControl "180+1"]
[EndTime "8:29:52 PDT"]
[Termination "Defend1r won by resignation"]

1. d4 Nf6 2. Nf3 e6 3. Bg5 h6 4. Bh4 d5 5. e3 c5 6. c3 Nc6 7. Bd3 Be7 8. O-O O-O 9. Nbd2 b6 10. Rc1 Bb7 11. Bb1 Nb8 12. Qc2 Ne4 13. Bxe7 Qxe7 14.
Nxe4 dxe4 15. Nd2 f5 16. f3 exf3 17. Nxf3 Nd7 18. Rce1 Rac8 19. Qe2 e5 20. Nxe5 Nxe5 21. dxe5 Qxe5 22. e4 Rce8 23. Qh5 Bxe4 24. Bxe4 fxe4 25.
Rxf8+ Kxf8 26. Qxe5 Rxe5 27. Kf2 Kf7 28. Ke3 Ke6 29. Rf1 Rf5 30. Rd1 Rd5 31. Rf1 g5 32.
Rf8 Rd3+ 33. Ke2 Rd7 34. Rh8 Ke5 35. Rxh6 Kf5 36. Rh8 Rc7 37. Rf8+ Ke5 38. Ke3 Re7 39. Rg8 Kf5 40. Rf8+ Kg4 41. Rg8 Re6 42. Rg7 a5 43.
Rf7 Rd6 44. Re7 Kf5 45. Rxe4 Rd1 46. g4+ Kf6 47. Kf2 Rh1 48. Kg2 Ra1 49. a3 b5 50.
Re2 Rd1 51. Kg3 Rd5 52. h4 Rd3+ 53. Kh2 gxh4 54. Rf2+ Kg5 55. Re2 Kxg4 56. Rg2+ Kf4 57. Rf2+ Ke3 58. Rg2 Rd2 59. Kh3 Rxg2 60. Kxg2 Kd2 61.
Kh3 Kc2 62. Kxh4 Kxb2 63. Kg3 Kxa3 64. Kf4 Kb3 65. Ke4 c4 66. Kd4 a4 67. Ke3 Kxc3 0-1

[Event "Early-Titled-Tuesday-Blitz-June-18-2024"]
[Site "Chess.com"]
[Date "2024.06.18"]
[Round "3"]
[White "GiorgianBarbosa"]
[Black "Chessgod9oninsta"]
[Result "1/2-1/2"]
[WhiteElo "2508"]
[BlackElo "2762"]
[TimeControl "180+1"]
[EndTime "8:29:53 PDT"]
[Termination "Game drawn by repetition"]

1. d4 d5 2. Nc3 Nf6 3. Bf4 a6 4.
e3 Bf5 5. Nf3 e6 6. Ne5 h6 7. g4 Bh7 8. h4 Nfd7 9. g5 hxg5 10.
hxg5 Bxc2 11. Rxh8 Bxd1 12. Rxd1 Nxe5 13. dxe5 Nd7 14.
Bd3 g6 15. Ke2 c6 16. Rdh1 Qb6 17. Nd1 Qc7 18. R1h7 Nxe5 19. Rxf8+ Kxf8 20. Rh8+ Ke7 21.
Rxa8 c5 22. b3 c4 23. bxc4 dxc4 24. Bc2 c3 25. Bxe5 Qxe5 26. Rc8 Qxg5 27. Rxc3 Qa5 28.
Bb3 b5 29. Rd3 Qb6 30. Nc3 f5 31. f4 Qc6 32. Kd2 Qg2+ 33. Ne2 g5 34. fxg5 Qxg5 35.
Rc3 Kd6 36. Rd3+ Ke7 37. Rc3 Kd6 38. Nf4 e5 39. Rd3+ Ke7 40. Nd5+ Kf8 41. Rc3 Qg2+ 42. Kc1 f4 43. exf4 exf4 44. Rc8+ Kg7 45. Rc7+ Kh6 46.
Rc6+ Kg7 47. Rc7+ Kh6 48. Rc6+ Kg7 49. Rc7+ 1/2-1/2

[Event "Early-Titled-Tuesday-Blitz-June-18-2024"]
[Site "Chess.com"]
[Date "2024.06.18"]
[Round "3"]
[White "Kislov_Oleg"]
[Black "Gyulamiryan-koryun"]
[Result "0-1"]
[WhiteElo "2530"]
[BlackElo "1605"]
[TimeControl "180+1"]
[EndTime "8:29:53 PDT"]
[Termination "Gyulamiryan-koryun won on time"]

1. e4 c5 2. Nf3 e6 3. c3 d5 4. exd5 Qxd5 5. d4 Nc6 6. Be2 Nf6 7. O-O Be7 8. Na3 cxd4 9. Nb5 Qd8 10. Nbxd4 Nxd4 11. Nxd4 O-O 12. Bf4 a6 13. Bf3 Nd5 14. Bg3 Bd6 15. Qb3 Nf4 16. Rad1 Qc7 17. Rfe1 e5 18. Bxf4 exf4 19. a4 Bc5 20. Qc4 Qb6 21. b4 Bxd4 22. Qxd4 Qxd4 23. Rxd4 g5 24. Re7 Rb8 25.
h4 h6 26. Rd6 Kg7 27. Rb6 Bf5 28. Rbxb7 Rbc8 29. Bd5 Bg6 30. c4 g4 31. g3 f3 32. Kf1 h5 33. Ke1 Rfe8 34. Kd2 Red8 35. Ke3 Re8 36. Kd4 Kf6 37. Rxe8 Rxe8 38. Rb6+ Kg7 0-1

[Event "Early-Titled-Tuesday-Blitz-June-18-2024"]
[Site "Chess.com"]
[Date "2024.06.18"]
[Round "3"]
[White "Naruto75_3"]
[Black "Goryachkina"]
[Result "1-0"]
[WhiteElo "2492"]
[BlackElo "2665"]
[TimeControl "180+1"]
[EndTime "8:29:54 PDT"]
[Termination "Naruto75_3 won by resignation"]

1. d4 Nf6 2. c4 g6 3. Nc3 Bg7 4. Nf3 O-O 5. Bg5 h6 6. Bh4 d6 7. e3 b6 8. Bd3 Bb7 9. O-O Nbd7 10. d5 e5 11. dxe6 fxe6 12. Bxg6 Qe7 13. Nd2 Ne5 14.
Be4 c6 15. f4 Ned7 16. Bc2 d5 17. Kh1 Qf7 18. Nf3 Qh5 19. Bf2 Ng4 20. Ne2 c5 21.
Ng3 Nxf2+ 22. Rxf2 Qf7 23. Qd3 Nf6 24. Ne5 Qc7 25.
cxd5 exd5 26. Qg6 Ne4 27. Nxe4 dxe4 28. Bb3+ Kh8 29. Nf7+ Rxf7 30. Bxf7 Rf8 31. Bc4 Qd8 32. Qg4 Bc8 33. f5 Qf6 34. Raf1 Bb7 35. h3 a6 36. Be6 b5 37. Rd1 c4 38. Qf4 Bc6 39. Rd6 Bb7 40. Bxc4 Qe7 41. Rxh6+ 1-0

[Event "Early-Titled-Tuesday-Blitz-June-18-2024"]
[Site "Chess.com"]
[Date "2024.06.18"]
[Round "3"]
[White "cthulhuuu"]
[Black "annasargsyan_m"]
[Result "0-1"]
[WhiteElo "2347"]
[BlackElo "2606"]
[TimeControl "180+1"]
[EndTime "8:29:55 PDT"]
[Termination "annasargsyan_m won by checkmate"]

1. e4 c6 2. d3 d5 3. Nd2 g6 4. g3 Bg7 5. Bg2 Nf6 6. Ngf3 O-O 7. O-O Bg4 8. h3 Bxf3 9. Qxf3 Nbd7 10. g4 e6 11. Qe2 Qc7 12. h4 h5 13. g5 Ng4 14. Nf3 Nde5 15. Nxe5 Bxe5 16. f4 Bxb2 17. Bxb2 Qb6+ 18. Kh1 Qxb2 19. e5 Qd4 20. Rae1 b5 21. Bh3 Kg7 22. Bxg4 hxg4 23. Qxg4 Rh8 24. Kg2 Rh5 25.
Rh1 Rah8 26. Kg3 b4 27. Qe2 a5 28. Qe3 Qc3 29. Re2 c5 30. Qf3 a4 31. Reh2 a3 32. Rb1 Qd4 33. Rbh1 c4 34. dxc4 Qxc4 35. Qe3 Rc8 36. Qa7 Qc3+ 37. Kg4 Rc4 38. Qe7 Qxe5 39. Kg3 Qxf4+ 40. Kg2 Rxc2+ 41. Kg1 Qc1# 0-1

[Event "Early-Titled-Tuesday-Blitz-June-18-2024"]
[Site "Chess.com"]
[Date "2024.06.18"]
[Round "3"]
[White "dosto07"]
[Black "ilqar_74"]
[Result "1-0"]
[WhiteElo "2621"]
[BlackElo "2844"]
[TimeControl "180+1"]
[EndTime "8:29:56 PDT"]
[Termination "dosto07 won by resignation"]

1. e4 c5 2. Nf3 d6 3. Bb5+ Nd7 4. d4 cxd4 5. Qxd4 a6 6. Bxd7+ Bxd7 7. Nc3 h6 8. O-O e5 9. Qd3 Nf6 10. Nd2 Be6 11. Nc4 Bxc4 12. Qxc4 Be7 13. a4 Qc8 14. Qe2 O-O 15. Rd1 Qc6 16. a5 Rac8 17. Rd3 Qc4 18.
Bd2 Qe6 19. Rg3 Kh7 20. Rd3 Rc7 21. Be3 Rfc8 22. Bb6 Rc4 23. Rad1 Bf8 24. f3 Nd7 25. Bf2 Be7 26. R1d2 Nf6 27. Bh4 Nxe4 28. Nxe4 Bxh4 29. Nxd6 Bg5 30. Nxc4 Rxc4 31. Rd1 Qc6 32. c3 Bf6 33. Rd6 Qc5+ 34. Kh1 Rh4 35. g3 Rc4 36. R1d5 Qc7 37. Rd7 Qc6 38. Qd3+ e4 39. fxe4 Kg8 40. R7d6 Qa4 41.
e5 Qa1+ 42. Qd1 Qxd1+ 43. Rxd1 Bxe5 44. Rd8+ Kh7 45. R8d7 f5 46. Rxb7 Ra4 47. Rd5 Re4 48. Re7 1-0

[Event "Early-Titled-Tuesday-Blitz-June-18-2024"]
[Site "Chess.com"]
[Date "2024.06.18"]
[Round "3"]
[White "vladislavkovalev"]
[Black "KoshkaMatrioshka"]
[Result "1-0"]
[WhiteElo "2842"]
[BlackElo "2597"]
[TimeControl "180+1"]
[EndTime "8:29:56 PDT"]
[Termination "vladislavkovalev won by resignation"]

1. e4 e6 2. d4 d5 3. Nd2 c5 4. Ngf3 cxd4 5. Nxd4 Nf6 6. exd5 Nxd5 7. Ne4 Be7 8. Bc4 Nc6 9. Nxc6 bxc6 10. O-O O-O 11. Qf3 Qc7 12. b3 f5 13. Ng3 Bf6 14. Rb1 Bd7 15.
Bd2 Rf7 16. Rfe1 Be5 17. Re2 Raf8 18. Rbe1 Bf6 19. Nh5 Bd4 20. c3 Bc5 21. Nf4 Nxf4 22. Bxf4 Bd6 23. Bxd6 Qxd6 24. Bxe6 Bxe6 25. Rxe6 Qd2 26.
R6e2 Qd6 27. h3 h6 28. b4 Rf6 29. a4 Kh7 30. a5 Rg6 31. Re5 f4 32. Rc5 Kh8 33.
Rd1 Qf6 34. Re1 Qd6 35. Rce5 Kh7 36. Re7 a6 37. R7e5 Rff6 38. Kf1 Qb8 39. R1e4 Qd6 40.
Re8 c5 41. Rc8 cxb4 42. cxb4 Qd7 43. Rc5 Qe7 44. Rxe7 1-0

[Event "Early-Titled-Tuesday-Blitz-June-18-2024"]
[Site "Chess.com"]
[Date "2024.06.18"]
[Round "3"]
[White "Lady_Nika"]
[Black "drdaro"]
[Result "0-1"]
[WhiteElo "2517"]
[BlackElo "2326"]
[TimeControl "180+1"]
[EndTime "8:29:56 PDT"]
[Termination "drdaro won by checkmate"]

1. g4 h5 2. g5 e5 3. h4 d5 4. Bg2 Be6 5. d3 c6 6. Nc3 Bd6 7. Bd2 Nd7 8. e3 Ne7 9. Qe2 b5 10. Nh3 Qc7 11. e4 d4 12. Nd1 f5 13. gxf6 gxf6 14. Bf3 O-O-O 15. c3 Rhg8 16. Qf1 dxc3 17. Nxc3 Bb4 18. O-O-O Qa5 19. a3 Bxa3 20. Nd5 Qa4 21. bxa3 Qxa3+ 22. Kc2 Qa2+ 23. Kc1 cxd5 24. d4 Kb8 25.
Qxb5+ Nb6 26. Bc3 Rc8 27. Rd3 exd4 28. exd5 Bf5 29. d6 Bxd3 30. Qb4 Rxc3+ 31. Kd1 Qc2+ 32. Ke1 Qc1+ 33. Bd1 Nd5 34. Qb5 Qb1 35. Qa5 Rc1 36. Kd2 Rxd1+ 37. Rxd1 Qc2+ 38. Ke1 Qe2# 0-1

[Event "Early-Titled-Tuesday-Blitz-June-18-2024"]
[Site "Chess.com"]
[Date "2024.06.18"]
[Round "3"]
[White "Arteler"]
[Black "Kopytkin"]
[Result "0-1"]
[WhiteElo "2205"]
[BlackElo "2431"]
[TimeControl "180+1"]
[EndTime "8:29:56 PDT"]
[Termination "Kopytkin won on time"]

1. e4 Nf6 2. Nc3 d5 3. exd5 Nxd5 4. d3 e5 5. Nf3 Nc6 6. Bg5 f6 7. Bd2 Bc5 8. Be2 O-O 9. O-O Re8 10.
Ne4 Bf8 11. a3 f5 12. Nc3 h6 13. Nxd5 Qxd5 14. Bc3 Kh7 15. d4 e4 16. Ne5 Nxe5 17. dxe5 Be6 18. Qxd5 Bxd5 19. Rfd1 Rad8 20. Kf1 g5 21. Bd4 Kg6 22. c4 Bc6 23. Bc3 Bg7 24. Rxd8 Rxd8 25. Rd1 Rxd1+ 26. Bxd1 f4 27. Ke2 Kf5 28. Bd4 Bxe5 29. Bxa7 Bxb2 30. a4 Bc3 31. g3 Ba5 32. Bc5 h5 33. Bc2 Bb6 34. Be7 Bd4 35. Bd8 Be5 36. Be7 Bd7 37. Bc5 Be6 38. f3 Bxc4+ 39. Kd1 Bd3 40. fxe4+ Bxe4 41. Bb3 fxg3 42. hxg3 Bxg3 43. Ke2 Bf4 44. Bf7 h4 45. a5 h3 46.
Bb4 h2 47. Bg6+ Kxg6 0-1

[Event "Early-Titled-Tuesday-Blitz-June-18-2024"]
[Site "Chess.com"]
[Date "2024.06.18"]
[Round "3"]
[White "SargissyanSargis"]
[Black "Dewarfd"]
[Result "1-0"]
[WhiteElo "2417"]
[BlackElo "2128"]
[TimeControl "180+1"]
[EndTime "8:29:56 PDT"]
[Termination "SargissyanSargis won on time"]

1. c4 c6 2. e4 d5 3. exd5 cxd5 4. cxd5 Nf6 5. Nc3 Nxd5 6. Bc4 e6 7. Nf3 Nc6 8. O-O Be7 9. d4 O-O 10. Re1 Nf6 11. Bg5 b6 12. a3 Bb7 13. Rc1 Rc8 14. Ba2 h6 15. Bh4 a6 16. Qd3 b5 17. Bb1 g6 18. Ne5 Nxe5 19. dxe5 Nd5 20. Nxd5 Rxc1 21. Rxc1 Bxh4 22. Nf4 Bg5 23. g3 Qb6 24. Qe3 Qxe3 25.
fxe3 Rc8 26. Rxc8+ Bxc8 27. Be4 a5 28. b4 axb4 29.
axb4 Bd7 30. Kf2 Be7 31. Nd3 Bf8 32. Nc5 Be8 33. Ke2 h5 34. Kd3 Be7 35. Kd4 h4 36. Bd3 hxg3 37. hxg3 Bg5 38. Ne4 Be7 39. Nf6+ Bxf6 40. exf6 Kf8 41. Kc5 1-0